 Dungeon Crawl Stone Soup version 0.22-a0-305-gd21a89c (webtiles) character file.

665 mhoghedin the Grave Robber (level 7, -1/60 (61) HPs)
             Began as a Ghoul Necromancer on Mar 29, 2018.
             Splashed by a jelly's acid (4 damage)
             ... on level 6 of the Dungeon.
             The game lasted 00:22:34 (8017 turns).

mhoghedin the Grave Robber (Ghoul Necromancer)      Turns: 8017, Time: 00:22:34

HP:   -1/60 (61)    AC:  0    Str: 12    XL:     7   Next: 57%
MP:   0/8           EV: 12    Int: 16    God:
Gold: 292           SH:  0    Dex:  9    Spells: 1/9 levels left

rFire    . . .     SeeInvis .   a - +1 dagger (flame)
rCold    + . .     Gourm    .   (no shield)
rNeg     + + +     Faith    .   g - +0 robe
rPois    ∞         Spirit   +   t - +0 helmet
rElec    .         Reflect  .   z - scarf {Spirit}
rCorr    .         Harm     .   (no gloves)
MR       .....                  i - +0 pair of boots
Stlth    ++........             (no amulet)
HPRegen  0.00/turn              v - +4 ring of intelligence
MPRegen  0.11/turn              (no ring)

@: corroded, rotting
A: rotting body, claws 1, carnivore, cold resistance 1, negative energy
resistance 3, inhibited regeneration, torment resistance, unbreathing
a: no special abilities


You were on level 6 of the Dungeon.
You were not hungry.

You visited 2 branches of the dungeon, and saw 7 of its levels.

You collected 292 gold pieces.

Inventory:

Hand Weapons
 a - a +1 dagger of flaming (weapon)
   (You took it off an orc on level 5 of the Dungeon)
 b - a +0 blowgun
   (You took it off a kobold on level 3 of the Dungeon)
Missiles
 s - 30 poisoned needles
Armour
 g - a +0 robe (worn)
 i - a +0 pair of boots (worn)
   (You found it on level 3 of the Dungeon)
 t - a +0 helmet (worn)
   (You found it on level 4 of the Dungeon)
 z - a scarf of spirit shield (worn)
   (You found it on level 5 of the Dungeon)
Magical Staves
 x - an uncursed staff of air {rElec}
   (You found it on level 5 of the Dungeon)
Jewellery
 v - a +4 ring of intelligence (left claw)
   (You found it on level 4 of the Dungeon)
Wands
 j - a wand of flame (41)
   (You found it on level 2 of the Dungeon)
 w - a wand of enslavement (13)
   (You found it on level 4 of the Dungeon)
 A - a wand of acid (6)
   (You found it on level 6 of the Dungeon)
Scrolls
 h - 3 scrolls of teleportation {unknown}
 k - 4 scrolls of remove curse
 l - 3 scrolls of enchant weapon {unknown}
 m - 2 scrolls of fog {unknown}
 n - a scroll of immolation {!r}
 q - a scroll of noise {unknown}
 r - a scroll of magic mapping {unknown}
 B - a scroll of enchant armour {unknown}
Potions
 d - 3 potions of resistance
 e - 2 potions of degeneration {unknown}
 f - a potion of ambrosia
 o - a potion of mutation
 p - a potion of heal wounds
 u - a potion of curing {unknown}
Comestibles
 c - 8 rations


   Skills:
 + Level 5.3 Fighting
 - Level 2.3 Throwing
 - Level 1.7 Dodging
 - Level 2.1 Stealth
 - Level 1.7 Spellcasting
 - Level 6.8 Necromancy


You had one spell level left.
You knew the following spells:

 Your Spells              Type           Power        Failure   Level  Hunger
a - Animate Dead          Necr           N/A          13%         4    #####..
x - Vampiric Draining     Necr           ###.......   3%          3    ####...
A - Animate Skeleton      Necr           N/A          1%          1    ##.....


Dungeon Overview and Level Annotations

Branches:
Dungeon (6/15)             Temple (1/1) D:4

Altars:
Ashenzari
Dithmenos
Elyvilon
Fedhas
Gozag
Hepliaklqana
Makhleb
Nemelex Xobeh
Okawaru
Qazlal
Ru
Sif Muna
Vehumet
Wu Jian
Xom
Yredelemnul
Zin

Annotations:
D:6 exclusion: jelly, Nib's ghost, novice DsGl


Innate Abilities, Weirdness & Mutations

Your body is rotting away.
You thrive on raw meat.
You are immune to poison.
You have sharp fingernails.
You are carnivorous and can eat meat at any time.
Your flesh is cold resistant. (rC+)
You are immune to negative energy. (rN+++)
You do not regenerate when monsters are visible.
You are immune to unholy pain and torment.
You can survive without breathing.


Message History

The phantom blinks!
The phantom barely misses you.
There is a stone staircase leading up here.
The phantom hits you.
The phantom blinks!
You climb upwards.
There is a stone staircase leading down here.
You take 4 damage, and have 32/61 hp.
You climb downwards.
The phantom barely misses you.
There is a stone staircase leading up here.
The phantom blinks!
You climb upwards.
There is a stone staircase leading down here.
You start resting.
Health restored: 61 You climb downwards.
The phantom closely misses you.
There is a stone staircase leading up here.
You barely miss the phantom. The phantom hits you.
You take 5 damage, and have 56/61 hp.
You now have 7/8 mp.
You hit the phantom but do no damage. The phantom completely misses you.
You hit the phantom but do no damage.
The phantom blinks!
There is a stone staircase leading up here.
The phantom hits you.
You climb upwards.
There is a stone staircase leading down here.
You take 2 damage, and have 54/61 hp.
You hit the phantom. You burn the phantom. The phantom hits you.
You take 3 damage, and have 51/61 hp.
MP restored: 8 You miss the phantom.
The phantom hits you but does no damage.
You barely miss the phantom.
The phantom blinks!
The phantom blinks!
You climb downwards.
There is a stone staircase leading up here.
Done exploring.
There is a fountain of clear blue water here.
There is a stone staircase leading down here.
Health restored: 61 You climb downwards.
Level annotation: exclusion: jelly, Nib's ghost, novice DsGl
Found 8 gold pieces and a scroll labeled OHUPNU LATSO.
Found an escape hatch in the ceiling.
There is a stone staircase leading up here.
You now have 281 gold pieces (gained 8).
A - a wand of acid (6)
There is an escape hatch in the ceiling here.
h - 3 scrolls labeled OHUPNU LATSO (gained 1)
You now have 292 gold pieces (gained 11).
Nib's ghost is too close now for your liking.
As you read the scroll of identify, it crumbles to dust.
n - a scroll of immolation
There is an escape hatch in the ceiling here.
You feel your flesh rotting away.
You take 1 damage, and have 60/60 hp.
Okay, then.
Unknown command.
Found an escape hatch in the floor.
A crimson imp comes into view.
The crimson imp shouts!
You hit the crimson imp but do no damage.
The crimson imp hits you.
You take 2 damage, and have 58/60 hp.
You closely miss the crimson imp. The crimson imp hits you.
You take 2 damage, and have 56/60 hp.
The crimson imp lashes its tail.
The crimson imp hits you.
You take 3 damage, and have 53/60 hp.
You hit the crimson imp. The crimson imp barely misses you.
You hit the crimson imp. The jelly misses you. The crimson imp misses you.
Aim: a jelly You feel life coursing into your body.
The jelly hits you.
You are splashed with acid!
The acid burns!
The crimson imp hits you but does no damage.
You take 4 damage, and have 49/60 hp.
You now have 4/8 mp.
Aim: a jelly (heavily wounded)
You feel life coursing into your body. The jelly hits you.
The acid corrodes you!
You are splashed with acid!
The acid burns!
The crimson imp completely misses you.
You take 8 damage, and have 41/60 hp.
You now have 1/8 mp.
Unknown command.
You hit the jelly but do no damage.
Your claws burn!
The jelly hits you.
You are splashed with acid!
The acid burns!
The crimson imp hits you.
You take 17 damage, and have 24/60 hp.
MASSIVE DAMAGE!!
You hit the jelly. You burn the jelly.
Your claws burn!
The crimson imp barely misses you. The jelly hits you.
You are splashed with acid!
The acid burns!
* * * LOW HITPOINT WARNING * * *
You take 10 damage, and have 14/60 hp.
Unknown command.
You hit the jelly but do no damage.
Your claws burn!
The crimson imp hits you.
* * * LOW HITPOINT WARNING * * *
The jelly hits you.
* * * LOW HITPOINT WARNING * * *
You are splashed with acid!
The acid burns!
* * * LOW HITPOINT WARNING * * *
You take 11 damage, and have 3/60 hp.
You now have 0/8 mp.
Unknown command.
You hit the jelly. You burn the jelly.
Your claws burn!
You die...

.# ###.### #.....# #.
#### ###.#...## #.
##...##.......[## #.
##.....#.#.......######.
#.......J...............
#......@5.........J....W
#........##..>..#.......
##.....#...#...#.# #.
##...###.#.#.## .## ##.
#### #.#.#### #. #.#
##.#.# ##. ##.
#.######.#.###.# ###.
#.......#.#.#..## #.W.
##..####.####....###.##


You could see a jelly and a crimson imp.

Vanquished Creatures
  A black bear (D:5)
  2 ogres
  2 howler monkeys (D:5)
  2 orc priests
  A hound (D:4)
  2 orc wizards
  3 worker ants
  6 adders
  An adder zombie (D:5)
  An adder skeleton (D:5)
  A worm (D:4)
  4 dart slugs
  3 leopard geckos
  16 orcs
  A ball python (D:3)
  2 giant cockroaches
  2 goblins
  9 hobgoblins
  6 jackals
  2 quokkas
  A ball python skeleton (D:4)
  A ball python zombie (D:5)
  5 bats
  3 frilled lizards
  9 kobolds
  2 rats
88 creatures vanquished.

Vanquished Creatures (others)
  A quokka (D:5)
1 creature vanquished.

Grand Total: 89 creatures vanquished

Notes
Turn   | Place    | Note
-------+----------+-------------------------------------------
     0 | D:1      | mhoghedin the Ghoul Necromancer began the quest for the Orb.
     0 | D:1      | Reached XP level 1. HP: 14/14 MP: 2/2
   499 | D:1      | Learned a level 1 spell: Animate Skeleton
   538 | D:1      | Reached XP level 2. HP: 20/20 MP: 3/3
   717 | D:1      | Reached skill level 1 in Fighting
  1434 | D:2      | Found a blossoming altar of Fedhas.
  1451 | D:2      | Found an ornate altar of the Wu Jian Council.
  1587 | D:2      | Reached skill level 2 in Fighting
  1599 | D:2      | Reached XP level 3. HP: 10/29 MP: 4/4
  1900 | D:2      | Learned a level 3 spell: Vampiric Draining
  2162 | D:3      | Reached skill level 5 in Necromancy
  2162 | D:3      | Reached XP level 4. HP: 29/35 MP: 1/5
  2370 | D:3      | HP: 4/37 [worm (11)]
  2819 | D:3      | HP: 6/37 [worm (10)]
  3180 | D:2      | Reached skill level 3 in Fighting
  3212 | D:2      | Reached XP level 5. HP: 13/45 MP: 3/6
  3593 | D:3      | Found a glowing silver altar of Zin.
  3845 | D:3      | Reached skill level 4 in Fighting
  4006 | D:3      | Found a sacrificial altar of Ru.
  4406 | D:4      | Noticed an ogre
  4435 | D:4      | Killed an ogre
  4435 | D:4      | Reached skill level 2 in Throwing
  4435 | D:4      | Reached XP level 6. HP: 24/51 MP: 0/7
  4638 | D:4      | Learned a level 4 spell: Animate Dead
  5738 | D:4      | Found a staircase to the Ecumenical Temple.
  5763 | Temple   | Entered the Ecumenical Temple
  5950 | D:5      | Entered Level 5 of the Dungeon
  6062 | D:5      | Reached skill level 6 in Necromancy
  6345 | D:5      | Reached XP level 7. HP: 55/59 MP: 8/8
  6700 | D:5      | Found a shattered altar of Ashenzari.
  7188 | D:5      | Reached skill level 5 in Fighting
  7329 | D:5      | Found a hazy altar of Hepliaklqana.
  7375 | D:5      | Found a white marble altar of Elyvilon.
  7561 | D:5      | HP: 14/61 [phantom (3)]
  7711 | D:6      | Noticed Nib's ghost (novice DsGl)
  8015 | D:6      | HP: 14/60 [acid (7)]
  8016 | D:6      | HP: 3/60 [acid (9)]
  8017 | D:6      | Splashed by a jelly's acid

Vault maps used:
D:1:      eino_arrival_cavern_a
D:2:      nicolae_overflow_crystal_walls, lemuel_doored_altar
D:3:      zin_statuary, lemuel_round_altar
D:4:      minmay_temple_entry_fiery, first_ration
D:5:      kennysheep_mini_moat, lemuel_round_altar, elyvilon_altar_4,
          grunt_ministairs_2, kennysheep_generic_room_6
Temple:   compressed_dpeg_circular_temple

Skill      XL: |  1  2  3  4  5  6  7 |
---------------+----------------------+-----
Fighting       | 2 3 4 5 |  5.3
Necromancy     | 5 6 |  6.8
Throwing       | 2 |  2.3
Dodging        | |  1.7
Stealth        | |  2.1
Spellcasting   | |  1.7

Action                   |  1- 3 |  4- 6 |  7- 9 || total
-------------------------+-------+-------+-------++-------
Melee: Dagger            |   163 |   357 |   141 ||   661
 Fire: Blowgun           |       |    50 |    13 ||    63
 Cast: Pain              |    13 |       |       ||    13
       Vampiric Draining |     1 |    22 |     4 ||    27
       Animate Skeleton  |       |       |     1 ||     1
Evoke: Wand              |       |     3 |     1 ||     4
  Use: Scroll            |     9 |       |     1 ||    10
       Potion            |       |     1 |       ||     1
 Stab: Sleeping          |     3 |     4 |       ||     7
       Distracted        |       |       |     2 ||     2
  Eat: Chunk             |    10 |    16 |     5 ||    31
       Ration            |       |     1 |       ||     1
Armor: Robe              |    36 |   108 |    33 ||   177
Dodge: Dodged            |   104 |   242 |    96 ||   442

Table legend:
 A = Spawn XP
 B = Non-spawn XP
 C = Spawn XP percentage of total XP
 D = Spawn monster count
 E = Non-spawn monster count
 F = Spawn count percentage of total count
 G = Total turns spent on level
                    A         B        C        D         E        F      G
               +---------+---------+-------+---------+---------+-------+---------
         Total |       0 |     951 |   0.0 |       0 |      88 |   0.0 |  8017
               +---------+---------+-------+---------+---------+-------+---------
           D:1 |       0 |      18 |   0.0 |       0 |      11 |   0.0 |  1212
           D:2 |       0 |     131 |   0.0 |       0 |      28 |   0.0 |  1968
           D:3 |       0 |     102 |   0.0 |       0 |      17 |   0.0 |  1195
           D:4 |       0 |     277 |   0.0 |       0 |      12 |   0.0 |  1566
           D:5 |       0 |     415 |   0.0 |       0 |      16 |   0.0 |  1599
           D:6 |       0 |       8 |   0.0 |       0 |       4 |   0.0 |   308
               +---------+---------+-------+---------+---------+-------+---------

Vault maps used:
D:1:      eino_arrival_cavern_a
D:2:      nicolae_overflow_crystal_walls, lemuel_doored_altar
D:3:      zin_statuary, lemuel_round_altar
D:4:      minmay_temple_entry_fiery, first_ration
D:5:      kennysheep_mini_moat, lemuel_round_altar, elyvilon_altar_4,
          grunt_ministairs_2, kennysheep_generic_room_6
Temple:   compressed_dpeg_circular_temple

Table legend:
 A = Turns spent in this place as a percentage of turns spent in the entire game.
 B = Non-inter-level travel turns spent in this place as a percentage of non-inter-level travel turns spent in the entire game.
 C = Inter-level travel turns spent in this place as a percentage of turns spent in this place.
 D = Turns resting spent in this place as a percentage of non-inter-level travel turns spent in this place.
 E = Turns spent auto-exploring this place as a percentage of non-inter-level travel turns spent in this place.
 F = Non-inter-level travel turns spent in this place divided by the number of levels of this place that you've seen.
                   A       B       C       D       E      F
               +-------+-------+-------+-------+-------+----------------------
         Total | 100.0 | 100.0 |   4.9 |  31.9 |  43.9 | 1089.3
       Dungeon |  97.9 |  98.0 |   4.8 |  32.5 |  44.1 | 1245.8
        Temple |   2.1 |   2.0 |  11.2 |   0.0 |  34.0 | 150.0
               +-------+-------+-------+-------+-------+----------------------

Table legend:
 A = Kills in this place as a percentage of kills in entire the game.
 B = Kills by you in this place as a percentage of kills by you in the entire game.
 C = Kills by friends in this place as a percentage of kills by friends in the entire game.
 D = Other kills in this place as a percentage of other kills in the entire game.
 E = Experience gained in this place as a percentage of experience gained in the entire game.
 F = Experience gained in this place divided by the number of levels of this place that you have seen.
                   A       B       C       D       E      F
               +-------+-------+-------+-------+-------+----------------------
         Total | 100.0 | 100.0 |   N/A |   N/A | 100.0 | 135.9
       Dungeon | 100.0 | 100.0 |   N/A |   N/A | 100.0 | 158.5
               +-------+-------+-------+-------+-------+----------------------
